 Dungeon Crawl Stone Soup version 0.18.1-50-g88ac8fd (webtiles) character file.

11252 KarmaPolice the Spear-Bearer (level 11, -6/92 HPs)
             Began as a Merfolk Gladiator on Sept 27, 2016.
             Was a Priest of Qazlal.
             Mangled by Snorg (16 damage)
             ... on level 9 of the Dungeon.
             The game lasted 00:37:41 (16563 turns).

KarmaPolice the Spear-Bearer (Merfolk Gladiator)   Turns: 16563, Time: 00:37:42

Health: -6/92      AC: 13    Str: 21    XL:     11   Next: 74%
Magic:  25/25      EV: 11    Int:  8    God:    Qazlal [***...]
Gold:   258        SH: 12    Dex: 17    Spells: 0 memorised, 10 levels left

rFire  + . .     SeeInvis .     V - -1 trident (curse)
rCold  + . .     Gourm    .     v - +3 leather armour {rC+}
rNeg   . . .     Faith    .     F - +0 shield
rPois  .         Spirit   .     m - +2 helmet "Piz Ekol" {rF+ Str+2}
rElec  .         Dismiss  .     (no cloak)
rCorr  .         Reflect  .     O - +0 pair of gloves
SustAt .         Harm     .     B - +1 pair of boots
MR     .....                    (no amulet)
Stlth  +.........               p - ring of magical power
                                k - +3 ring of dexterity

@: very slightly contaminated, hasted, very quick, not resistant to hostile
enchantments, very unstealthy
A: change form in water, swift swim
a: Upheaval, Elemental Force, Renounce Religion


You were on level 9 of the Dungeon.
You worshipped Qazlal.
Qazlal was most pleased with you.
You were hungry.

You visited 2 branches of the dungeon, and saw 11 of its levels.
You also visited: Ossuary.

You collected 617 gold pieces.
You spent 359 gold pieces at shops.

Inventory:

Hand Weapons
 a - a +1 trident of venom
 A - a +3 halberd
 P - the cursed +2 rapier "Mehew" {pierce, Fragile rPois Dex+4, unknown}
   (You found it on level 7 of the Dungeon)

   It inflicts extra damage upon your enemies.
   It affects your dexterity (+4).
   It protects you from poison.
   It will be destroyed if unequipped.
   It has a curse placed upon it.
 V - a cursed -1 trident (weapon)
Missiles
 d - 4 throwing nets (quivered)
Armour
 m - the +2 helmet "Piz Ekol" (worn) {rF+ Str+2}
   (You bought it in a shop on level 8 of the Dungeon)

   It affects your strength (+2).
   It protects you from fire.
 r - a +2 ring mail of fire resistance
 v - a +3 leather armour of cold resistance (worn)
 B - a +1 pair of boots (worn)
 F - a +0 shield (worn)
 O - a +0 pair of gloves (worn)
Jewellery
 k - a +3 ring of dexterity (left hand)
 p - a ring of magical power (right hand)
 E - an uncursed ring of ice
 N - an uncursed amulet of magic regeneration
Wands
 c - a wand of acid (11/15)
 e - a wand of acid (10/15)
 h - a wand of digging (9/24)
 H - a wand of flame (18/48)
 Q - a wand of acid (6/15)
Scrolls
 g - 2 scrolls of fear
 s - 2 scrolls of magic mapping
 y - a scroll of recharging
 G - a scroll of brand weapon
Potions
 b - 2 potions of brilliance
 j - a potion of agility {unknown}
 n - a potion of mutation {unknown}
 q - 4 potions of degeneration
 u - 2 potions of curing
 w - a potion of flight {unknown}
 z - a potion of invisibility {unknown}
 K - a potion of cure mutation {unknown}
 L - 3 potions of ambrosia {unknown}
 M - 2 potions of might {unknown}
 R - a potion of cancellation {unknown}
Books
 t - a book of Burglary

   Spells                             Type                      Level
   a - Swiftness                      Charms/Air                   2
   b - Passwall                       Transmutation/Earth          2
   c - Passage of Golubria            Translocation                4
   d - Lee's Rapid Deconstruction     Earth                        5
   e - Darkness                       Hexes                        6
   f - Invisibility                   Hexes                        6
 x - a book of Envenomations

   Spells                             Type                      Level
   a - Spider Form                    Transmutation/Poison         3
   b - Olgreb's Toxic Radiance        Poison                       4
   c - Alistair's Intoxication        Transmutation/Poison         5
   d - Poisonous Cloud                Conjuration/Poison/Air       6
 J - a book of Conjurations

   Spells                             Type                      Level
   a - Magic Dart                     Conjuration                  1
   b - Searing Ray                    Conjuration                  2
   c - Dazzling Spray                 Conjuration/Hexes            3
   d - Fulminant Prism                Conjuration/Hexes            4
   e - Iskenderun's Mystic Blast      Conjuration                  4
   f - Iskenderun's Battlesphere      Conjuration/Charms           5
 U - a book of the Warp

   Spells                             Type                      Level
   a - Recall                         Summoning/Translocation      3
   b - Gell's Gravitas                Hexes/Translocation          3
   c - Force Lance                    Conjuration/Translocation    4
   d - Warp Weapon                    Charms/Translocation         5
   e - Summon Forest                  Summoning/Translocation      5
Comestibles
 f - 10 bread rations
 i - 3 meat rations
 l - a fruit
 o - 2 chunks of flesh
 C - a beef jerky
 D - 16 royal jellies
 S - a slice of pizza


   Skills:
 + Level 10.5 Fighting
 + Level 13.8 Polearms
 - Level 2.0 Throwing
 + Level 5.8 Armour
 - Level 10.2 Dodging
 + Level 7.0 Invocations


You had 10 spell levels left.
You didn't know any spells.

Dungeon Overview and Level Annotations

Branches:
Dungeon (10/15)            Temple (1/1) D:7             Orc (0/2) D:10
   Lair: D:8-11

Altars:
Cheibriados
Dithmenos
Elyvilon
Fedhas
Kikubaaqudgha
Makhleb
Nemelex Xobeh
Okawaru
Pakellas
Qazlal
Vehumet
Yredelemnul
Zin
The Shining One

Shops:
D:4 (   D:6 :   D:8 [

Annotations:
D:9 Snorg
D:10 Sonja


Message History

You close the door.
Some of the chunks of flesh in your inventory have rotted away.
Snorg is nearby!
Snorg goes berserk!
You block Snorg's attack. Snorg claws you!
* * * LOW HITPOINT WARNING * * *
You block Snorg's attack.
Snorg rages.
Snorg closely misses you. You block Snorg's attack. Snorg claws you!
* * * LOW HITPOINT WARNING * * *
Drink which item? (? for menu, Esc to quit)
You feel yourself speed up. Snorg closely misses you.
You block Snorg's attack. x2
You are very lightly contaminated with residual magic.
Snorg rages.
You hear a shout!
There is a stone staircase leading up here.
Snorg barely misses you. Snorg claws you.
* * * LOW HITPOINT WARNING * * *
Snorg claws you!
You die...

#.......#.#.#
#.###.#.#.#.# #.#
#.#.#.#.# #.#
#.#.#.#.# #.#
#.#.#.#.# ###
#.###.#.#.#.########..
#...#...#.#.##........
###.#####.#...........
#.#@#...#.#.........
#.#T#.###.#.........
#...#.# #(#.........
#####.###...........
#...............
#......#........
#...............
#......#......(.
#####.#..........


You could see Snorg (berserk).

Vanquished Creatures
  Urug (D:10)
  Pikel (D:6)
  An ugly thing (D:8)
  Psyche (D:8)
  A troll (D:7)
  2 queen bees (D:9)
  A vampire (D:9)
  A spriggan (D:7)
  2 wraiths (D:10)
  A wyvern (D:7)
  A hippogriff (D:8)
  2 hungry ghosts (D:9)
  2 ice beasts
  7 orc warriors
  2 slaves (D:6)
  A black bear (D:8)
  4 phantoms
  6 sky beasts
  A necrophage (D:5)
  5 ogres
  4 centaurs
  2 big kobolds (D:10)
  Blork the orc (D:6)
  5 giant frogs
  A water moccasin zombie (D:9)
  4 scorpions
  A wyvern skeleton (D:9)
  39 killer bees
  5 wights (D:10)
  7 howler monkeys
  A crimson imp (D:5)
  2 jellies
  A centaur zombie (D:7)
  7 hounds
  A quasit (D:8)
  3 giant frog skeletons
  4 orc priests
  3 centaur skeletons
  4 iguanas
  Terence (D:2)
  8 orc wizards
  10 worker ants
  A killer bee zombie (D:7)
  6 big kobold zombies (Ossuary)
  3 hound zombies
  2 hound skeletons
  2 mummies
  A worker ant zombie (D:5)
  4 gnolls (D:3)
  A howler monkey zombie (D:10)
  14 adders
  A shadow imp (D:5)
  2 oozes
  An adder skeleton (D:3)
  3 worms
  A dart slug (D:3)
  8 giant geckos
  38 orcs
  5 spectral bats (Ossuary)
  5 giant cockroaches
  6 gnoll zombies (Ossuary)
  8 goblins
  4 hobgoblins
  10 jackals
  3 quokkas
  2 ball pythons (D:2)
  7 bats
  A bat simulacrum (Ossuary)
  A giant cockroach zombie (D:5)
  11 giant newts
  6 goblin simulacra (Ossuary)
  4 goblin zombies (Ossuary)
  7 hobgoblin zombies (Ossuary)
  11 kobolds
  2 kobold simulacra (Ossuary)
  3 kobold zombies (Ossuary)
  4 orc zombies (Ossuary)
  3 quokka skeletons
  3 rats
  7 rat simulacra (Ossuary)
  2 spectral goblins (Ossuary)
  3 spectral kobolds (Ossuary)
  5 spectral rats (Ossuary)
  A plant (D:9)
369 creatures vanquished.

Vanquished Creatures (others)
  An orc wizard (D:6)
  A bush (D:7)
  8 plants (D:9)
10 creatures vanquished.

Grand Total: 379 creatures vanquished

Notes
Turn   | Place    | Note
--------------------------------------------------------------
     0 | D:1      | KarmaPolice the Merfolk Gladiator began the quest for the Orb.
     0 | D:1      | Reached XP level 1. HP: 16/16 MP: 1/1
    46 | D:1      | Reached XP level 2. HP: 15/23 MP: 2/2
   825 | D:1      | Reached XP level 3. HP: 28/28 MP: 3/3
   982 | D:2      | Reached skill level 5 in Polearms
  1191 | D:2      | Noticed Terence
  1205 | D:2      | Killed Terence
  1205 | D:2      | Reached skill level 5 in Dodging
  1205 | D:2      | Reached XP level 4. HP: 33/35 MP: 4/4
  1509 | D:2      | Found a sparkling altar of Nemelex Xobeh.
  1807 | D:2      | Reached XP level 5. HP: 29/41 MP: 5/5
  2002 | D:2      | Found a shadowy altar of Dithmenos.
  2002 | D:2      | Found an iron altar of Okawaru.
  2003 | D:2      | Found a snail-covered altar of Cheibriados.
  2428 | D:3      | Reached skill level 6 in Polearms
  3037 | D:4      | Noticed a phantom
  3039 | D:4      | Reached XP level 6. HP: 39/48 MP: 6/6
  3277 | D:4      | Noticed a phantom
  3308 | D:4      | Killed a phantom
  3391 | D:4      | Found Igamnecirch's Antique Weapon Shoppe.
  3549 | D:4      | Found an oddly glowing altar of Pakellas.
  3597 | D:4      | Reached skill level 7 in Polearms
  3851 | D:4      | Found a glowing golden altar of the Shining One.
  3883 | D:4      | Killed a phantom
  3883 | D:4      | Reached XP level 7. HP: 46/55 MP: 7/7
  3902 | D:4      | Found a radiant altar of Vehumet.
  4154 | D:5      | Entered Level 5 of the Dungeon
  4215 | D:5      | Reached skill level 5 in Fighting
  4296 | D:5      | Reached skill level 8 in Polearms
  4881 | D:5      | Reached XP level 8. HP: 55/62 MP: 8/8
  4921 | D:5      | Found a blossoming altar of Fedhas.
  5479 | D:6      | Reached skill level 9 in Polearms
  5506 | D:6      | Found a sand-covered staircase.
  5517 | Ossuary  | Entered an ossuary
  6183 | D:6      | Reached skill level 1 in Armour
  6246 | D:6      | Found Hoicwoh's Book Shop.
  6373 | D:6      | Noticed Pikel
  6393 | D:6      | Noticed Blork the orc
  6445 | D:6      | Killed Pikel
  6445 | D:6      | Reached skill level 10 in Polearms
  6445 | D:6      | Reached XP level 9. HP: 26/70 MP: 9/9
  6703 | D:6      | Killed Blork the orc
  6951 | D:6      | Found an ancient bone altar of Kikubaaqudgha.
  6951 | D:6      | Found a glowing silver altar of Zin.
  7361 | D:7      | Reached skill level 10 in Dodging
  7743 | D:7      | Found a radiant altar of Vehumet.
  7758 | D:7      | Found a staircase to the Ecumenical Temple.
  7765 | Temple   | Entered the Ecumenical Temple
  7773 | Temple   | Became a worshipper of Qazlal Stormbringer
  8078 | D:7      | Noticed a troll
  8113 | D:7      | Killed a troll
  8113 | D:7      | Reached skill level 11 in Polearms
  8113 | D:7      | Reached skill level 1 in Invocations
  8166 | D:7      | Found a basalt altar of Yredelemnul.
  8182 | D:7      | Got a polished rapier
  8243 | D:7      | Found a white marble altar of Elyvilon.
  8505 | D:7      | Reached XP level 10. HP: 71/79 MP: 11/11
  8816 | D:8      | Noticed a cyan ugly thing
  9882 | D:8      | Reached * piety under Qazlal
 10320 | D:8      | Noticed Psyche
 10336 | D:8      | Killed Psyche
 10435 | D:8      | Killed a cyan ugly thing
 10435 | D:8      | Reached skill level 12 in Polearms
 10790 | D:8      | Found an iron altar of Okawaru.
 11266 | D:8      | Found Tudiogij's Armour Boutique.
 11279 | D:8      | Bought the +2 helmet "Piz Ekol" {rF+ Str+2} for 359 gold pieces
 11562 | D:9      | Reached skill level 5 in Invocations
 12252 | D:9      | Reached ** piety under Qazlal
 12271 | D:9      | Reached XP level 11. HP: 81/90 MP: 15/15
 12377 | D:9      | Reached skill level 5 in Armour
 12883 | D:9      | Reached skill level 10 in Fighting
 13012 | D:9      | Reached skill level 13 in Polearms
 14478 | D:10     | Entered Level 10 of the Dungeon
 14875 | D:9      | Reached *** piety under Qazlal
 15020 | D:10     | Noticed Snorg
 15316 | D:10     | Noticed Urug
 15408 | D:9      | Noticed a hill giant
 15887 | D:10     | Killed Urug
 16403 | D:10     | Found a staircase to the Orcish Mines.
 16440 | D:10     | Noticed Sonja
 16563 | D:9      | Mangled by Snorg

Skill      XL: |  1  2  3  4  5  6  7  8  9 10 11 |
---------------+----------------------------------+-----
Polearms       | 5 6 7 8 10 11 12 13 | 13.8
Fighting       | 3 4 5 7 8 9 10 | 10.5
Dodging        | 5 6 7 8 9 10 | 10.2
Armour         | 2 3 4 5 |  5.8
Invocations    | 2 5 7 |  7.0
Throwing       | |  2.0

Action                   |  1- 3 |  4- 6 |  7- 9 | 10-12 || total
-------------------------+-------+-------+-------+-------++-------
Melee: Trident           |   128 |   247 |   685 |  1089 ||  2149
Invok: Elemental Force   |       |       |       |     1 ||     1
  Use: Scroll            |       |       |     6 |    13 ||    19
       Potion            |       |       |       |     9 ||     9
 Stab: Distracted        |     1 |     1 |     1 |       ||     3
       Sleeping          |       |       |     6 |     1 ||     7
  Eat: Chunk             |     1 |     9 |    15 |    19 ||    44
       Fruit             |       |       |       |     8 ||     8
       Meat ration       |       |       |       |     1 ||     1
Armor: Leather armour    |    15 |    38 |   102 |   185 ||   340
Dodge: Dodged            |    63 |   142 |   399 |   575 ||  1179
Block: Shield            |       |       |       |   435 ||   435
       Other             |       |       |       |     4 ||     4
